 Dungeon Crawl Stone Soup version 0.29-a0-1006-g0dd7720b37 (webtiles) character file.

Game seed: 4184010780655563312

162 drpainis the Chopper (level 5, -4/47 HPs)
             Began as a Hill Orc Monk on Aug 6, 2022.
             Killed from afar by an orc wizard (13 damage)
             ... with a puff of flame
             ... on level 2 of the Dungeon.
             The game lasted 00:04:18 (3563 turns).

drpainis the Chopper (Hill Orc Monk)                Turns: 3563, Time: 00:04:19

Health: -4/47      AC:  5    Str: 16    XL:     5   Next: 43%
Magic:  5/5        EV: 11    Int: 10    God:
Gold:   83         SH:  0    Dex: 13    Spells: 4/4 levels left

rFire   . . .      SeeInvis .   a - +0 hand axe
rCold   . . .      Faith    +   (no shield)
rNeg    . . .      Spirit   .   l - +0 ring mail
rPois   .          Reflect  .   (no helmet)
rElec   .          Harm     .   (no cloak)
rCorr   .          Rampage  .   (no gloves)
Will    .....                   (no boots)
Stlth   ..........              r - amulet of faith
HPRegen 0.15/turn               (no ring)
MPRegen 0.09/turn               (no ring)

@: confused
A: no striking features
a: no special abilities


You were on level 2 of the Dungeon.
You visited 1 branch of the dungeon, and saw 3 of its levels.

You collected 83 gold pieces.

Inventory:

Hand Weapons
 a - a +0 hand axe (weapon)
Missiles
 q - a throwing net
Armour
 b - a +0 robe
 l - a +0 ring mail (worn)
Jewellery
 r - an amulet of faith (around neck)
Wands
 c - a wand of quicksilver (9)
Scrolls
 d - 3 scrolls of enchant weapon
 j - a scroll of noise {unknown}
 m - 2 scrolls of blinking
 n - a scroll of vulnerability {unknown}
 o - a scroll of immolation {unknown}
Potions
 f - 3 potions of might
 g - a potion of attraction {unknown}
 h - 2 potions of lignification
 i - 2 potions of mutation
 p - a potion of invisibility {unknown}


   Skills:
 + Level 4.3 Fighting
 + Level 5.8 Axes
 + Level 2.3 Armour
 + Level 3.0 Dodging
 + Level 1.9 Stealth


You had 4 spell levels left.
You didn't know any spells.
Your spell library contained the following spells:

 Spells                   Type           Power      Damage    Failure   Level
 Conjure Flame            Conj/Fire      0%         6-21      91%         3
 Ignite Poison            Fire/Tmut/Pois 0%         N/A       91%         3
 Mephitic Cloud           Conj/Pois/Air  0%         N/A       91%         3
 Sticky Flame             Conj/Fire      0%         2d3       100%        4
 Freezing Cloud           Conj/Ice/Air   0%         6-21      100%        5


Dungeon Overview and Level Annotations

Branches:
Dungeon (3/15)

Altars:


Message History

You barely miss something. Something hits you.
* * * LOW HITPOINT WARNING * * *
You closely miss something. Your punch misses something. Something hits you.
* * * LOW HITPOINT WARNING * * *
Something hits you but does no damage.
You hear some strange, mumbled words.
A magic dart appears from out of thin air!
The magic dart hits you.
* * * LOW HITPOINT WARNING * * *
You feel better. Something hits you.
* * * LOW HITPOINT WARNING * * *
You hear some strange, mumbled words.
A puff of flame appears from out of thin air!
The puff of flame hits you.
* * * LOW HITPOINT WARNING * * *
You hear some strange, mumbled words.
You are confused.
You bump into the rock wall.
You hear some strange, mumbled words.
Something tries to affect you, but you resist.
You feel better. Something hits you but does no damage. Something hits you.
* * * LOW HITPOINT WARNING * * *
You open the door.
There is an open door here.
You hear some strange, mumbled words.
You are confused.
You bump into the rock wall.
You hear some strange, mumbled words.
A magic dart appears from out of thin air!
The magic dart hits you.
* * * LOW HITPOINT WARNING * * *
You feel less confused.
You hear some strange, mumbled words.
You are confused.
You hear some strange, mumbled words.
A puff of flame appears from out of thin air!
The puff of flame hits you!
You die...

#.# #....# ##'###.# ##..#
#.###.##.# ##...##.####.{#
#........###.....#.......#
###..######.......######.##
##.).####.........####...#####
#.......+.........'...........
##...####.........####...####.
#..## ##.......## ##.## #.
#.## ##..@.{## #...####. ##.##
##...## #.....##. #...# ##+##
#...#.##. #...# #.# ##.##.##.
#...# #.# #.......
##.##########.## ####.###
#.#†..)..##.[.##### #.#
#.#.####.#........# #.#
#.#.##............# #.#


There were no monsters in sight!

Vanquished Creatures
  Natasha (thrice) (D:2)
  2 adders (D:2)
  2 worms (D:2)
  2 orcs (D:3)
  4 ball pythons
  5 endoplasms
  A giant cockroach (D:1)
  4 goblins
  7 hobgoblins
  4 jackals (D:2)
  5 kobolds
  4 quokkas
  3 bats (D:2)
  12 frilled lizards
  A rat (D:1)
59 creatures vanquished.

Vanquished Creatures (others)
  A plant (D:1)
1 creature vanquished.

Grand Total: 60 creatures vanquished

Notes
Turn   | Place    | Note
-------+----------+-------------------------------------------
     0 | D:1      | drpainis the Hill Orc Monk began the quest for the Orb.
     0 | D:1      | Reached XP level 1. HP: 19/19 MP: 1/1
    24 | D:1      | Found a faded altar of an unknown god.
    60 | D:1      | Reached XP level 2. HP: 3/27 MP: 2/2
  1047 | D:1      | Reached XP level 3. HP: 29/33 MP: 3/3
  1821 | D:2      | Reached skill level 5 in Axes
  2080 | D:2      | Reached XP level 4. HP: 40/40 MP: 4/4
  2336 | D:2      | Reached skill level 1 in Armour
  2437 | D:2      | Noticed Natasha
  2451 | D:2      | Killed Natasha
  3005 | D:2      | Noticed Natasha
  3022 | D:2      | Killed Natasha
  3023 | D:2      | Reached XP level 5. HP: 39/46 MP: 5/5
  3343 | D:2      | Noticed Natasha
  3361 | D:2      | Killed Natasha
  3563 | D:2      | Killed from afar by an orc wizard

Illustrated notes

Levels and vault maps discovered:
D:1:      onia_arrival_pentagram, layout_basic, ebering_ecumenical_altar_rust,
          serial_forest, infiniplex_forest_straight_4,
          infiniplex_forest_straight_4, infiniplex_forest_end_3,
          infiniplex_forest_corner_1, infiniplex_forest_zigzag_2,
          infiniplex_forest_straight_4, infiniplex_forest_lined_3_way,
          minmay_tall_x
D:2:      layout_loops_corners, uniq_natasha
D:3:      layout_loops_cross, nicolae_ashenzari_skybound

Skill      XL: |  1  2  3  4  5 |
---------------+----------------+-----
Fighting       | 4 |  4.3
Axes           | 5 |  5.8
Armour         | 2 |  2.3
Dodging        | 3 |  3.0
Stealth        | |  1.9

Action                   |  1- 3 |  4- 6 || total
-------------------------+-------+-------++-------
Melee: Hand axe          |   158 |   125 ||   283
       Punch             |     1 |     3 ||     4
  Use: Scroll            |       |     6 ||     6
       Potion            |       |     3 ||     3
 Stab: Sleeping          |     3 |     2 ||     5
Armor: Robe              |    11 |       ||    11
       Ring mail         |    47 |    32 ||    79
Dodge: Dodged            |   113 |    56 ||   169

Table legend: (Time is in decaauts)
 A = Elapsed time spent in this place.
 B = Non-inter-level travel time spent in this place.
 C = Inter-level travel time spent in this place.
 D = Time resting spent in this place.
 E = Time spent auto-exploring this place.
 F = Levels seen in this place.
 G = Mean time per level.
                   A        B        C        D        E       F      G
               +--------+--------+--------+--------+--------+-----+--------+
         Total |   3584 |   3584 |      0 |    654 |   2141 |   3 | 1194.7 |
       Dungeon |   3584 |   3584 |      0 |    654 |   2141 |   3 | 1194.7 |
               +--------+--------+--------+--------+--------+-----+--------+

Top non-repeatable levels by time:
     D:2: 2206 daAuts
     D:1: 1336 daAuts
     D:3: 41 daAuts
